 Dungeon Crawl Stone Soup version 0.20-a0-903-g7e3609c (webtiles) character file.

172 Rrauwl the Skirmisher (level 5, 0/53 HPs)
             Began as a Troll Fighter on Mar 21, 2017.
             Slain by an ice beast (14 damage)
             ... on level 3 of the Dungeon.
             The game lasted 00:06:39 (1231 turns).

Rrauwl the Skirmisher (Troll Fighter)               Turns: 1231, Time: 00:06:40

Health: 0/53       AC:  5    Str: 25    XL:     5   Next: 27%
Magic:  4/4        EV:  8    Int:  4    God:
Gold:   103        SH:  9    Dex:  9    Spells: 4/4 levels left

rFire    . . .     SeeInvis .   h - +0 mace (curse)
rCold    . . .     Gourm    +   b - +0 robe
rNeg     . . .     Faith    .   c - +0 shield
rPois    .         Spirit   .   (helmet restricted)
rElec    .         Reflect  .   (no cloak)
rCorr    .         Harm     .   (gloves unavailable)
MR       .....                  (boots unavailable)
Stlth    +.........             (no amulet)
Regen    0.6/turn               (no ring)
MPRegen  0.1/turn               (no ring)

@: no status effects
A: unfitting armour, claws 3, fast metabolism 3, gourmand, regeneration 1,
shaggy fur 1, tough skin 2
a: no special abilities


You were on level 3 of the Dungeon.
You were very full.

You visited 1 branch of the dungeon, and saw 3 of its levels.

You collected 103 gold pieces.

Inventory:

Hand Weapons
 a - a +0 flail
 h - a cursed +0 mace (weapon)
Armour
 b - a +0 robe (worn)
 c - a +0 shield (worn)
Scrolls
 d - a scroll of teleportation
Potions
 e - 2 potions of flight {unknown}
 j - a potion of curing
Comestibles
 f - 3 bread rations
 g - a chunk of flesh


   Skills:
 + Level 3.3 Fighting
 + Level 2.8 Maces & Flails
 + Level 3.3 Dodging
 - Level 3.0 Shields


You had 4 spell levels left.
You didn't know any spells.

Dungeon Overview and Level Annotations

Branches:
Dungeon (3/15)

Altars:
Gozag
Hepliaklqana
Uskayaw


Innate Abilities, Weirdness & Mutations

You are too large for most types of armour.
You have claws for hands.
Your metabolism is lightning-fast.
You like to eat raw meat.
Your natural rate of healing is unusually fast.
You are covered in fur. (AC +1)
You have very tough skin. (AC +2)


Message History

* * * LOW HITPOINT WARNING * * *
You barely miss the ice beast.
The ice beast is heavily wounded.
You block the ice beast's attack. x2
You hit the ice beast but do no damage.
The ice beast is heavily wounded.
The ice beast hits you but does no damage.
You closely miss the ice beast.
The ice beast is heavily wounded.
The ice beast hits you but does no damage.
You barely miss the ice beast.
The ice beast is heavily wounded.
You block the ice beast's attack.
The ice beast hits you but does no damage.
You closely miss the ice beast.
The ice beast is heavily wounded.
The ice beast hits you.
* * * LOW HITPOINT WARNING * * *
The ice beast freezes you!
You die...

....##......?#รท ....
####.....> .# #...#.#
.. #..##..# .# ...
#.## ######.# #..#
#.## #......# #.#.
#......# #...
#...@..# #<..
#...Y......# #!..w...
#......#####.....K...
#......# #.........
#......# ..........
##.....# ..##..<...
#.....# . .......
#.....# ...#..?#


You could see an ice beast.

Vanquished Creatures
  Natasha (thrice) (D:3)
  6 adders
  2 worms
  A dart slug (D:2)
  2 leopard geckos (D:2)
  8 bats
  2 giant cockroaches (D:2)
  4 goblins
  A hobgoblin (D:3)
  A ball python (D:3)
  2 frilled lizards (D:2)
  6 kobolds
  2 rats
40 creatures vanquished.

Notes
Turn   | Place    | Note
-------+----------+-------------------------------------------
     0 | D:1      | Rrauwl the Troll Fighter began the quest for the Orb.
     0 | D:1      | Reached XP level 1. HP: 22/22 MP: 0/0
   253 | D:1      | You fall through a shaft!
   274 | D:2      | Reached XP level 2. HP: 26/29 MP: 1/1
   343 | D:2      | Reached XP level 3. HP: 36/36 MP: 2/2
   582 | D:2      | Reached XP level 4. HP: 42/44 MP: 3/3
   808 | D:2      | Found a hide-covered altar of Uskayaw.
   935 | D:2      | Found a hazy altar of Hepliaklqana.
   937 | D:2      | Found an opulent altar of Gozag.
  1073 | D:3      | Noticed Natasha
  1088 | D:3      | Killed Natasha
  1112 | D:3      | Noticed Natasha
  1124 | D:3      | Killed Natasha
  1136 | D:3      | Reached XP level 5. HP: 23/53 MP: 4/4
  1138 | D:3      | Noticed Natasha
  1145 | D:3      | Killed Natasha
  1185 | D:3      | Noticed a phantom
  1221 | D:3      | Noticed an ice beast
  1231 | D:3      | Slain by an ice beast

Vault maps used:
D:1:      lemuel_arrival_funnel
D:2:      lemuel_coloured_pillars_altar, minitemple
D:3:      nicolae_dithmenos_through_a_glass_darkly, okawaru_gym_becter,
          uniq_natasha

Skill      XL: |  1  2  3  4 |
---------------+-------------+-----
Maces & Flails | 2 |  2.8
Shields        | 3 |  3.0
Dodging        | 3 |  3.3
Fighting       | 3 |  3.3

Action                   |  1- 3 |  4- 6 || total
-------------------------+-------+-------++-------
Melee: Flail             |    81 |    83 ||   164
       Mace              |       |    13 ||    13
  Use: Scroll            |       |     5 ||     5
       Potion            |       |     3 ||     3
 Stab: Sleeping          |     1 |       ||     1
  Eat: Chunk             |     8 |     9 ||    17
Armor: Robe              |    32 |    29 ||    61
Dodge: Dodged            |    46 |    42 ||    88
Block: Shield            |    50 |    50 ||   100
